← All builds
Suicide front / Armada / Factory first / OBSERVED BUILD

Standard suicide front

Armada Suicide front build order · Supreme Isthmus

The role's baseline: Bot Lab at 0:21 then straight into reclaim-fed T1 bot production to contest the middle and hold until T2 arrives, with an Advanced Metal Extractor around 9:45.

#rush · 2007 distinct matches · 229 players · 72% of Armada Suicide front games · team won 59% of 2381 · Recently observed

HOW TO PLAY IT

Key timing: Bot Lab by 0:20

  1. Open with mex and lab-first to get Bot Lab up by 0:20.
  2. Expand mex and wind while lab pumps units toward middle.
  3. Push Sentry and early Rocketeer, Centurion to contest middle.
  4. Get T2 constructor out once Pond's boost lets you spare metal.
  5. Upgrade mex to Advanced Metal Extractor as you transition off T1 spam.

Phase by phase

TYPICAL OF ITS 2007 GAMES
  1. 1
  2. 2
  3. 3
PLAY THE OPENING

Follow the example game's first 6:00 step by step: what to build now, what comes next, and where it goes. At 1× it keeps pace with your own game.

  1. 1

    Bot Lab first

    Order
    1. Bot LabBot Lab done ~0:21, middle half 0:20–0:33

    Some games also: mex (44%)

  2. 2

    Bot Lab to 5:00

    Economy
    • Metal Extractor5Mex
    • Wind Turbine4Wind
    Builders
    • Construction Bot3 Con bot
    • Lazarus2 Lazarus
    Army
    • Sentry4 Sentry
    • Rocketeer16 Rocketeer
    • Tick2 Tick
    • Centurion1 Centurion
    Other
    • Radar Tower1 Radar Tower

    Some games also: pawn (38%) · con turret (34%)

    By 5:00 in all: 5 mex · 4 wind

    The example game in this phase · 29 steps
    1. LazarusLazarus
    2. Mex
    3. SentrySentry
    4. Wind
    5. TickTick
    6. PawnPawn
    7. Wind
    8. PawnPawn ×2
    9. Construction BotCon bot ×3
    10. Mex
    11. RocketeerRocketeer ×4
    12. SentrySentry
    13. RocketeerRocketeer
    14. Mex
    15. BeamerBeamer
    16. RocketeerRocketeer ×3
    17. OverwatchOverwatch
    18. RocketeerRocketeer ×4
    19. Con turret
    20. RocketeerRocketeer ×4
    21. BeamerBeamer
    22. RocketeerRocketeer
    23. SentrySentry
    24. RocketeerRocketeer
    25. Radar TowerRadar Tower
    26. RocketeerRocketeer ×2
    27. MaceMace ×3
    28. Con turret
    29. Construction BotCon bot
  3. 3

    5:00 to 10:00

    Economy
    • Metal Extractor1Mex
    • Wind Turbine15Wind
    Builders
    • Construction Turret2 Con turret
    • Lazarus2 Lazarus
    • Construction Bot1 Con bot
    Army
    • Sentry1 Sentry
    • Rocketeer8 Rocketeer

    Some games also: pawn (49%) · Radar Tower (46%) · tick (45%) · centurion (44%) · energy storage (43%) · eat Bot Lab (31%)

    By 10:00 in all: 6 mex · 21 wind · 1 energy storage · 2 con turret

    The example game in this phase · 116 steps
    1. Advanced solar
    2. Construction BotCon bot
    3. Advanced solar
    4. Mex
    5. Wind
    6. Construction BotCon bot
    7. Wind
    8. Dragon's ClawDragon's Claw
    9. Vehicle PlantVehicle Plantdone 6:23
    10. Wind
    11. Advanced solar
    12. Construction BotCon bot
    13. Wind
    14. MaceMace
    15. Wind
    16. MaceMace
    17. Advanced solar
    18. Wind
    19. MaceMace
    20. Dragon's ClawDragon's Claw
    21. MaceMace
    22. Wind
    23. Advanced solar
    24. MaceMace
    25. Bot LabEat Bot Labreclaimed for its metal
    26. Energy storage
    27. Wind
    28. Construction VehicleCon vehicle
    29. Wind
    30. Dragon's ClawDragon's Claw
    31. GauntletGauntletdone 8:44
    32. Wind
    33. Energy storage
    34. Wind
    35. Sneaky PeteSneaky Pete
    36. Wind
    37. Dragon's ClawDragon's Claw
    38. Wind
    39. Sneaky PeteSneaky Pete
    40. Wind ×2
    41. Advanced Metal ExtractorT2 mexdone 10:27 · typical 9:46
    42. Construction VehicleCon vehicle
    43. Wind
    44. SentrySentry
    45. Construction VehicleCon vehicle
    46. Wind ×2
    47. Construction VehicleCon vehicle
    48. SentrySentry
    49. Wind
    50. Advanced Metal ExtractorT2 mex
    51. Wind ×3
    52. Con turret
    53. Wind ×2
    54. Con turret
    55. JanusJanus
    56. Wind
    57. Advanced Metal ExtractorT2 mex
    58. BeamerBeamer
    59. Wind
    60. BlitzBlitz
    61. Wind
    62. BlitzBlitz
    63. Wind ×2
    64. BlitzBlitz ×2
    65. Wind
    66. BlitzBlitz
    67. Wind
    68. Advanced Metal ExtractorT2 mex
    69. Wind
    70. BlitzBlitz ×5
    71. Wind ×3
    72. JanusJanus
    73. BlitzBlitz ×3
    74. Con turret
    75. BlitzBlitz
    76. Wind ×2
    77. Con turret
    78. BlitzBlitz
    79. Wind
    80. Con turret
    81. Advanced Metal ExtractorT2 mex
    82. Con turret
    83. BlitzBlitz
    84. Con turret ×2
    85. BlitzBlitz
    86. Wind ×2
    87. BlitzBlitz
    88. Con turret
    89. Wind
    90. BlitzBlitz
    91. Con turret
    92. BlitzBlitz
    93. Advanced Bot LabAdvanced Bot Labdone 13:47
    94. JanusJanus
    95. Wind ×2
    96. BlitzBlitz ×4
    97. Advanced Metal ExtractorT2 mex
    98. BlitzBlitz ×4
    99. Wind ×2
    100. BlitzBlitz
    101. Wind
    102. BlitzBlitz
    103. JanusJanus
    104. BlitzBlitz ×6
    105. Wind ×2
    106. BlitzBlitz ×2
    107. Wind
    108. BlitzBlitz ×2
    109. JanusJanus
    110. BlitzBlitz ×5
    111. Wind ×2
    112. BlitzBlitz
    113. Wind
    114. BlitzBlitz ×4
    115. JanusJanus
    116. BlitzBlitz

Counts are medians over the build's games: half of them build more, half fewer. The example game is MarcoRalseks's (32 OS, 04/08/2026); pick another.

Team trades

IN AT LEAST 30% OF ITS GAMES

You hand over

Nothing regular.

You get

  • Tidal Generator4 Tidal from Pondfirst at 0:10 · in 68% of games
  • Advanced Construction Bot1 T2 con bot from Geo or Techfirst at 7:41 · in 57% of games

How it plays out

Typical game of this build, running totals by minute

Metal produced

010k20k
0:005:0010:0015:00

metal

Enemy metal destroyed

05k10k
0:005:0010:0015:00

metal

Own metal lost

05k10k
0:005:0010:0015:00

metal

2381 games.

Show as table
ByMetal produced: This buildEnemy metal destroyed: This buildOwn metal lost: This build
1:0023000
2:0088700
3:002009184130
4:003110645502
5:00418513571001
6:00534921831713
7:00653930512597
8:00776039383502
9:00904546934382
10:001041853145176
11:001189258555965
12:001360364066686
13:001541268767439
14:001729875038212
15:001926981098997
WHAT THE NUMBERS SAY

Standard Suicide front play wins a bit over half its games while taking the heaviest own losses of any role by 15:00.

  • + Produces 20142 metal by 15:00, highest of the front roles.
  • + First kill by 2:01 in all games, fastest contest of middle.
  • − Own metal lost hits 9178 by 15:00, more than enemy metal destroyed.
  • − Only 34% Rocketeer share shows army spread thin across many bot types.
THE EXAMPLE YOU ARE READING

MarcoRalseks

32.2 OS · 04/08/2026

Open source match ↗

7 received units · includes a constructor
250 metal received · 56247 energy received

Allied construction assistance is unknown. Timings are observations, not a promise of solo reproducibility.

Typical milestones

Bot Lab0:21Middle 50%: 0:20–0:33 · n=2373
Advanced Metal Extractor9:46Middle 50%: 8:50–10:58 · n=1721

Played most by

_X_262games of this buildPlatinumBlonde188games of this buildXad166games of this buildTrapCaT107games of this buildImmort80games of this build